3AA
OTTAWA NATIONALS @ LANCASTER FARMERS
06/08/2025
 
TOP OF THE 1ST
Ottawa Nationals batting - Pitching for Lancaster Farmers : LHP Will Clark
Pitching: LHP Will Clark
Batting: RHB Howard Fewell 0-0: Foul Ball, location: 2F
0-1: Ball
1-1: Bunted foul
1-2: Ball
2-2: Foul Ball, location: 2F
2-2: SINGLE (Line Drive, 9S)
Batting: RHB Warren Martin 0-0: Called Strike
Howard Fewell steals 2nd base
0-1: SINGLE (Flyball, 89S)
Howard Fewell to third
Runner from 3rd tries for Home, SAFE, no throw
Batting: LHB Eric Thackston 0-0: Ball
1-0: Foul Ball, location: 2F
1-1: Foul Ball, location: 2F
1-2: Ball
2-2: Ball
3-2: Strikes out swinging
Batting: RHB Louis Espinosa 0-0: Ball
1-0: Ball
2-0: Hit by Pitch
Warren Martin to second
Batting: LHB Manuel Sánchez 0-0: Swinging Strike
0-1: Foul Ball, location: 2F
0-2: SINGLE (Groundball, 4MD)
Warren Martin to third
Louis Espinosa to second
Runner from 3rd tries for Home, SAFE, no throw
Batting: RHB Barry Welch 0-0: Swinging Strike
0-1: Ball
1-1: Ball
2-1: Ball
3-1: Base on Balls
Louis Espinosa to third
Manuel Sánchez to second
Batting: LHB Javier Hernández 0-0: Foul Ball, location: 2F
0-1: Ball
1-1: Ball
2-1: Foul Ball, location: 2F
2-2: SINGLE (Flyball, 78S)
Louis Espinosa scores
Manuel Sánchez to third
Barry Welch to second
Runner from 3rd tries for Home, SAFE, no throw
Batting: LHB Jesús Mancía 0-0: Foul Ball, location: 2F
0-1: Ball
1-1: Ball
2-1: Ball
3-1: Base on Balls
Barry Welch to third
Javier Hernández to second
Batting: RHB Felipe Gonzáles 0-0: Ball
1-0: Ball
2-0: SINGLE (Groundball, 34D)
Barry Welch scores
Javier Hernández to third
Jesús Mancía to second
Batting: RHB Howard Fewell 0-0: Ball
1-0: Called Strike
1-1: Ball
2-1: Foul Ball, location: 2F
2-2: SINGLE (Flyball, 9S)
Javier Hernández scores
Jesús Mancía to third
Felipe Gonzáles to second
Runner from 3rd tries for Home, SAFE, no throw
Batting: RHB Warren Martin 0-0: Called Strike
0-1: Swinging Strike
0-2: Ball
1-2: Ball
2-2: DOUBLE (Line Drive, 8RD)
Felipe Gonzáles scores
Howard Fewell to third
Pitching: LHP Orlando Sánchez
Batting: LHB Eric Thackston 0-0: Ball
1-0: SINGLE (Flyball, 7S)
Howard Fewell scores
Warren Martin to third
Runner from 3rd tries for Home, SAFE, no throw
Batting: RHB Louis Espinosa 0-0: Fly out, F7 (Flyball, 7)
Batting: LHB Manuel Sánchez 0-0: Called Strike
0-1: Foul Ball, location: 2F
0-2: Ball
1-2: Ball
2-2: SINGLE (Groundball, 34D)
Eric Thackston to second
Runner from 2nd tries for 3rd, SAFE, throw made to third
Batting: RHB Barry Welch 0-0: Ball
1-0: Called Strike
1-1: Ball
2-1: Swinging Strike
2-2: Strikes out looking
Top of the 1st over - 10 run(s), 9 hit(s), 0 error(s), 2 left on base; Ottawa 10 - Lancaster 0
BOTTOM OF THE 1ST
Lancaster Farmers batting - Pitching for Ottawa Nationals : RHP Theodore Wood
Pitching: RHP Theodore Wood
Batting: RHB Ricardo Pacheco 0-0: Ball
1-0: Ball
2-0: Called Strike
2-1: Foul Ball, location: 2F
2-2: SINGLE (Line Drive, 4M)
Batting: RHB Albert Díaz 0-0: Ball
1-0: Ball
2-0: Ball
Pickoff Throw by Catcher to First - Out!
3-0: Base on Balls
Batting: LHB Brad Tillman 0-0: Called Strike
0-1: Called Strike
0-2: Ball
1-2: Fly out, F5 (Popup, 56S)
Batting: SHB Janghyun Sam 0-0: Hit by Pitch
Albert Díaz to second
Batting: RHB Showander Descarte Pickoff Throw to Second - Error! E1
Albert Díaz to third
Janghyun Sam to second
0-0: Called Strike
0-1: Swinging Strike
0-2: Strikes out swinging
Bottom of the 1st over - 0 run(s), 1 hit(s), 1 error(s), 2 left on base; Ottawa 10 - Lancaster 0
TOP OF THE 2ND
Ottawa Nationals batting - Pitching for Lancaster Farmers : LHP Orlando Sánchez
Batting: LHB Javier Hernández 0-0: Ball
1-0: Ball
2-0: Ball
3-0: Base on Balls
Batting: LHB Jesús Mancía 0-0: Foul Ball, location: 2F
0-1: Foul Ball, location: 2F
0-2: Strikes out swinging
Batting: RHB Felipe Gonzáles 0-0: Ball
1-0: Ball
2-0: Foul Ball, location: 2F
2-1: Swinging Strike
2-2: Strikes out swinging
Batting: RHB Howard Fewell 0-0: Called Strike
0-1: Ball
1-1: Foul Ball, location: 2F
1-2: Ground out 6-3 (Groundball, 6)
Top of the 2nd over - 0 run(s), 0 hit(s), 0 error(s), 1 left on base; Ottawa 10 - Lancaster 0
BOTTOM OF THE 2ND
Lancaster Farmers batting - Pitching for Ottawa Nationals : RHP Theodore Wood
Batting: SHB Orlando Miranda 0-0: Called Strike
0-1: Ball
1-1: SINGLE (Groundball, 34D)
Batting: RHB António Jiménez 0-0: Called Strike
0-1: Called Strike
Orlando Miranda steals 2nd base
0-2: Ball
1-2: Ball
2-2: Foul Ball, location: 2F
2-2: Ball
3-2: SINGLE (Groundball, 4MS) (infield hit)
Orlando Miranda to third
Batting: LHB Ramón Gómez 0-0: Ball
1-0: Called Strike
1-1: Foul Ball, location: 2F
1-2: Ball
2-2: Ball
3-2: DOUBLE (Line Drive, 7LM)
Orlando Miranda scores
António Jiménez to third
Runner from 3rd tries for Home, SAFE, throw made home
Batting: RHB Rodrigo Velasco 0-0: Foul Ball, location: 2F
0-1: Ball
1-1: Fly out, F9 (Flyball, 89M)
Batting: RHB Ricardo Pacheco 0-0: Called Strike
0-1: Called Strike
0-2: Ball
1-2: Ground out 4-3 (Groundball, 4M)
Ramón Gómez to third
Batting: RHB Albert Díaz 0-0: Called Strike
0-1: SINGLE (Line Drive, 8LS)
Ramón Gómez scores
Batting: LHB Brad Tillman 0-0: Called Strike
0-1: Ball
1-1: SINGLE (Line Drive, 56D)
Albert Díaz to second
Batting: SHB Janghyun Sam 0-0: Swinging Strike
0-1: Foul Ball, location: 2F
0-2: Ball
1-2: Ground out 4-3 (Groundball, 34)
Bottom of the 2nd over - 3 run(s), 5 hit(s), 0 error(s), 2 left on base; Ottawa 10 - Lancaster 3
TOP OF THE 3RD
Ottawa Nationals batting - Pitching for Lancaster Farmers : LHP Orlando Sánchez
Batting: RHB Warren Martin 0-0: Foul Ball, location: 2F
0-1: Fly out, F7 (Flyball, 7S)
Batting: LHB Eric Thackston 0-0: Called Strike
0-1: Ball
1-1: Called Strike
1-2: Foul Ball, location: 2F
1-2: Foul Ball, location: 2F
1-2: Fly out, F5 (Popup, 5L)
Batting: RHB Louis Espinosa 0-0: Ball
1-0: DOUBLE (Line Drive, 8RD)
Batting: LHB Manuel Sánchez 0-0: SINGLE (Flyball, 89S)
Louis Espinosa to third
Runner from 3rd tries for Home, SAFE, no throw
Batting: RHB Barry Welch 0-0: Called Strike
0-1: SINGLE (Groundball, 56) (infield hit)
Manuel Sánchez to second
Batting: LHB Javier Hernández 0-0: Ball
1-0: SINGLE (Line Drive, 8LS)
Manuel Sánchez to third
Barry Welch to second
Runner from 3rd tries for Home, SAFE, throw made at trailing runner, SAFE at third!
Batting: LHB Jesús Mancía 0-0: Called Strike
0-1: Ball
1-1: Called Strike
1-2: Strikes out looking
Top of the 3rd over - 2 run(s), 4 hit(s), 0 error(s), 2 left on base; Ottawa 12 - Lancaster 3
BOTTOM OF THE 3RD
Lancaster Farmers batting - Pitching for Ottawa Nationals : RHP Theodore Wood
Batting: RHB Showander Descarte 0-0: Ball
1-0: Foul Ball, location: 2F
1-1: Called Strike
1-2: Ball
2-2: SINGLE (Line Drive, 8LS)
Batting: SHB Orlando Miranda 0-0: Ball
Throwing error on steal attempt, E2
Showander Descarte to third
1-0: Ground out U3 (Groundball, 34S)
Showander Descarte scores
Batting: RHB António Jiménez 0-0: Ball
1-0: Ball
2-0: Ball
3-0: Base on Balls
Batting: LHB Ramón Gómez 0-0: Ball
1-0: Called Strike
1-1: Foul Ball, location: 2F
1-2: Strikes out swinging
Batting: RHB Rodrigo Velasco 0-0: Ball
1-0: Ball
2-0: Ball
3-0: Base on Balls
António Jiménez to second
Batting: RHB Ricardo Pacheco 0-0: Ball
1-0: Foul Ball, location: 2F
1-1: Foul Ball, location: 2F
1-2: Foul Ball, location: 2F
1-2: Strikes out swinging
Bottom of the 3rd over - 1 run(s), 1 hit(s), 1 error(s), 2 left on base; Ottawa 12 - Lancaster 4
TOP OF THE 4TH
Ottawa Nationals batting - Pitching for Lancaster Farmers : LHP Orlando Sánchez
Pitching: LHP Sergio Cruz
Batting: RHB Felipe Gonzáles 0-0: Ball
1-0: Ball
2-0: Ball
3-0: Base on Balls
Batting: RHB Howard Fewell 0-0: Ball
1-0: Ball
2-0: Called Strike
2-1: Fly out, F7 (Flyball, 7D)
Batting: RHB Warren Martin 0-0: Ball
1-0: Foul Ball, location: 2F
1-1: Called Strike
1-2: Ball
2-2: Strikes out swinging
Batting: LHB Eric Thackston 0-0: Called Strike
0-1: Ground out 3-1 (Groundball, 34D)
Top of the 4th over - 0 run(s), 0 hit(s), 0 error(s), 1 left on base; Ottawa 12 - Lancaster 4
BOTTOM OF THE 4TH
Lancaster Farmers batting - Pitching for Ottawa Nationals : RHP Theodore Wood
Batting: RHB Albert Díaz 0-0: Swinging Strike
0-1: Ball
1-1: Fly out, F9 (Flyball, 9)
Batting: LHB Brad Tillman 0-0: SINGLE (Groundball, 4MD)
Batting: SHB Janghyun Sam 0-0: Ball
1-0: Called Strike
1-1: Swinging Strike
1-2: Foul Ball, location: 2F
1-2: Fly out, F8 (Flyball, 8LS)
Batting: RHB Showander Descarte 0-0: Ball
Brad Tillman is caught stealing 2nd base
Bottom of the 4th over - 0 run(s), 1 hit(s), 0 error(s), 0 left on base; Ottawa 12 - Lancaster 4
TOP OF THE 5TH
Ottawa Nationals batting - Pitching for Lancaster Farmers : LHP Sergio Cruz
Batting: RHB Louis Espinosa 0-0: Called Strike
0-1: Ball
1-1: Called Strike
1-2: Ball
2-2: Strikes out looking
Batting: LHB Manuel Sánchez 0-0: SINGLE (Line Drive, 4MD)
Batting: RHB Barry Welch 0-0: Swinging Strike
0-1: Foul Ball, location: 2F
0-2: Grounds into double play, 5-4-3 (Groundball, 5)
Top of the 5th over - 0 run(s), 1 hit(s), 0 error(s), 0 left on base; Ottawa 12 - Lancaster 4
BOTTOM OF THE 5TH
Lancaster Farmers batting - Pitching for Ottawa Nationals : RHP Theodore Wood
Batting: RHB Showander Descarte 0-0: Ball
1-0: Called Strike
1-1: Foul Ball, location: 2F
1-2: Foul Ball, location: 2F
1-2: Ball
2-2: Foul Ball, location: 2F
2-2: Ball
3-2: Foul Ball, location: 2F
3-2: SINGLE (Groundball, 34D)
Batting: SHB Orlando Miranda 0-0: Ball
1-0: Ball
2-0: Ball
3-0: Called Strike
3-1: Foul Ball, location: 2F
3-2: Base on Balls
Showander Descarte to second
Batting: RHB António Jiménez 0-0: SINGLE (Groundball, 6MD)
Showander Descarte to third
Orlando Miranda to second
Runner from 3rd tries for Home, throw and OUT!
Batting: LHB Ramón Gómez 0-0: Called Strike
Orlando Miranda is caught stealing 3rd base
António Jiménez to second
0-1: Ball
1-1: SINGLE (Flyball, 8LS)
António Jiménez to third
Runner from 3rd tries for Home, SAFE, no throw
Batting: RHB Rodrigo Velasco 0-0: Foul Ball, location: 2F
0-1: Foul Ball, location: 2F
0-2: Ball
Ramón Gómez steals 2nd base
1-2: Foul Ball, location: 2F
1-2: Ball
2-2: Ball
3-2: Foul Ball, location: 2F
3-2: Fly out, F9 (Flyball, 9S)
Bottom of the 5th over - 1 run(s), 3 hit(s), 0 error(s), 1 left on base; Ottawa 12 - Lancaster 5
TOP OF THE 6TH
Ottawa Nationals batting - Pitching for Lancaster Farmers : LHP Sergio Cruz
Pitching: LHP Shawn Singleton
Batting: LHB Javier Hernández 0-0: Foul Ball, location: 2F
0-1: Ball
1-1: Ball
2-1: Foul Ball, location: 2F
2-2: SINGLE (Line Drive, 5D)
Batting: LHB Jesús Mancía 0-0: Ball
1-0: Called Strike
1-1: Foul Ball, location: 2F
1-2: Ball
2-2: SINGLE (Flyball, 78S)
Javier Hernández to second
Batting: RHB Felipe Gonzáles 0-0: Ball
1-0: Swinging Strike
1-1: Ball
2-1: Foul Ball, location: 2F
2-2: Ball
3-2: Base on Balls
Javier Hernández to third
Jesús Mancía to second
Batting: RHB Howard Fewell 0-0: Fly out, F5 (Popup, 5D)
Batting: RHB Warren Martin 0-0: Ball
1-0: Foul Ball, location: 2F
1-1: Ball
2-1: Ball
3-1: Swinging Strike
3-2: Base on Balls
Javier Hernández scores
Jesús Mancía to third
Felipe Gonzáles to second
Batting: LHB Eric Thackston 0-0: Called Strike
0-1: SINGLE (Line Drive, 56)
Jesús Mancía scores
Felipe Gonzáles to third
Warren Martin to second
Batting: RHB Louis Espinosa 0-0: Swinging Strike
0-1: Ball
1-1: Ball
2-1: Called Strike
2-2: Foul Ball, location: 2F
2-2: Ball
3-2: Strikes out swinging
Batting: LHB Manuel Sánchez 0-0: Ball
1-0: Ball
2-0: Ball
3-0: Called Strike
3-1: Base on Balls
Felipe Gonzáles scores
Warren Martin to third
Eric Thackston to second
Batting: RHB Barry Welch 0-0: Foul Ball, location: 2F
0-1: Foul Ball, location: 2F
0-2: Ball
1-2: Ball
2-2: Foul Ball, location: 2F
2-2: Ball
3-2: Foul Ball, location: 2F
3-2: Base on Balls
Warren Martin scores
Eric Thackston to third
Manuel Sánchez to second
Pitching: RHP Jon Shirley
Batting: LHB Javier Hernández 0-0: Swinging Strike
0-1: Swinging Strike
0-2: Ball
1-2: Foul Ball, location: 2F
1-2: Strikes out swinging
Top of the 6th over - 4 run(s), 3 hit(s), 0 error(s), 3 left on base; Ottawa 16 - Lancaster 5
BOTTOM OF THE 6TH
Lancaster Farmers batting - Pitching for Ottawa Nationals : RHP Theodore Wood
Batting: RHB Ricardo Pacheco 0-0: Ball
1-0: Fly out, F6 (Popup, 6MD)
Batting: RHB Albert Díaz 0-0: Called Strike
0-1: Called Strike
0-2: Foul Ball, location: 2F
0-2: Fly out, F8 (Flyball, 89S)
Now in CF: Michael Peterson
Batting: LHB Brad Tillman 0-0: Foul Ball, location: 2F
0-1: Ball
1-1: Ground out 6-3 (Groundball, 6)
Bottom of the 6th over - 0 run(s), 0 hit(s), 0 error(s), 0 left on base; Ottawa 16 - Lancaster 5
TOP OF THE 7TH
Ottawa Nationals batting - Pitching for Lancaster Farmers : RHP Jon Shirley
Batting: LHB Jesús Mancía 0-0: Ball
1-0: Ball
2-0: Called Strike
2-1: Ball
3-1: Foul Ball, location: 2F
3-2: Base on Balls
Batting: RHB Felipe Gonzáles 0-0: Ball
1-0: Fly out, F6 (Popup, 6D)
Batting: RHB Michael Peterson 0-0: Ball
1-0: Fielders Choice at 2nd, 5-4 (Groundball, 56)
Batting: RHB Warren Martin 0-0: Ball
1-0: Called Strike
1-1: Ball
Passed Ball!
Michael Peterson to second
2-1: Foul Ball, location: 2F
2-2: Fly out, F3 (Popup, 3L)
Top of the 7th over - 0 run(s), 0 hit(s), 0 error(s), 1 left on base; Ottawa 16 - Lancaster 5
BOTTOM OF THE 7TH
Lancaster Farmers batting - Pitching for Ottawa Nationals : RHP Theodore Wood
Batting: SHB Janghyun Sam 0-0: Called Strike
0-1: Called Strike
0-2: SINGLE (Line Drive, 89S)
Pitching: RHP Bob Reece
Batting: RHB Showander Descarte 0-0: Called Strike
0-1: Foul Ball, location: 2F
0-2: Ball
1-2: SINGLE (Line Drive, 6MD)
Janghyun Sam to second
Batting: SHB Orlando Miranda 0-0: Called Strike
0-1: Fly out, F8 (Flyball, 8LM)
Batting: RHB António Jiménez 0-0: Called Strike
0-1: Ball
1-1: Ball
2-1: Called Strike
2-2: Ball
3-2: Reached on error, E6 (Groundball, 6)
Janghyun Sam to third
Showander Descarte to second
Batting: LHB Ramón Gómez 0-0: Ball
1-0: Foul Ball, location: 2F
1-1: Swinging Strike
1-2: Strikes out looking
Batting: RHB Rodrigo Velasco 0-0: Called Strike
0-1: Ball
1-1: Swinging Strike
1-2: Strikes out swinging
Bottom of the 7th over - 0 run(s), 2 hit(s), 1 error(s), 3 left on base; Ottawa 16 - Lancaster 5
TOP OF THE 8TH
Ottawa Nationals batting - Pitching for Lancaster Farmers : RHP Jon Shirley
Batting: LHB Eric Thackston 0-0: Ball
1-0: Ball
2-0: Ball
3-0: Base on Balls
Batting: RHB Louis Espinosa 0-0: Called Strike
0-1: Foul Ball, location: 2F
0-2: Ball
1-2: Strikes out swinging
Batting: LHB Manuel Sánchez 0-0: Ball
1-0: Ball
2-0: Ball
3-0: Base on Balls
Eric Thackston to second
Batting: RHB Barry Welch 0-0: Ball
1-0: Ball
2-0: SINGLE (Groundball, 4D)
Eric Thackston to third
Manuel Sánchez to second
Batting: LHB Javier Hernández 0-0: Fielders Choice at 2nd, 6-4 (Groundball, 6M)
Eric Thackston scores
Manuel Sánchez to third
Batting: LHB Jesús Mancía 0-0: Reached on error, E2 (Popup, 15S)
Manuel Sánchez scores
Javier Hernández to second
Batting: RHB Felipe Gonzáles 0-0: Called Strike
0-1: Foul Ball, location: 2F
0-2: Fly out, F9 (Flyball, 9LS)
Top of the 8th over - 2 run(s), 1 hit(s), 1 error(s), 2 left on base; Ottawa 18 - Lancaster 5
BOTTOM OF THE 8TH
Lancaster Farmers batting - Pitching for Ottawa Nationals : RHP Bob Reece
Pinch Hitting: RHB Henry Womack 0-0: Ball
1-0: Swinging Strike
1-1: Ground out 5-3 (Groundball, 56S)
Batting: RHB Albert Díaz 0-0: Ball
1-0: SINGLE (Line Drive, 7S)
Batting: LHB Brad Tillman 0-0: Ball
1-0: Ball
2-0: Fly out, F8 (Line Drive, 8RM)
Batting: SHB Janghyun Sam 0-0: Ball
1-0: Fielders Choice at 2nd, 6-4 (Groundball, 6)
Bottom of the 8th over - 0 run(s), 1 hit(s), 0 error(s), 0 left on base; Ottawa 18 - Lancaster 5
TOP OF THE 9TH
Ottawa Nationals batting - Pitching for Lancaster Farmers : RHP Jon Shirley
Now at 1B: Henry Womack
Batting: RHB Michael Peterson 0-0: Ball
1-0: Ball
2-0: Ball
3-0: Called Strike
3-1: Swinging Strike
3-2: Foul Ball, location: 2F
3-2: Ground out 5-3 (Groundball, 5)
Batting: RHB Warren Martin 0-0: Ball
1-0: Ball
2-0: Ball
3-0: Called Strike
3-1: Base on Balls
Pitching: RHP Armand Hultman
Pinch Hitting: RHB Jim Unknown 0-0: Ball
1-0: Ball
2-0: Foul Ball, location: 2F
2-1: Fly out, F7 (Flyball, 7)
Batting: RHB Louis Espinosa 0-0: Ball
1-0: Foul Ball, location: 2F
1-1: Called Strike
1-2: Foul Ball, location: 2F
1-2: Strikes out swinging
Top of the 9th over - 0 run(s), 0 hit(s), 0 error(s), 1 left on base; Ottawa 18 - Lancaster 5
BOTTOM OF THE 9TH
Lancaster Farmers batting - Pitching for Ottawa Nationals : RHP Bob Reece
Now at 1B: Jerry Burnett
Batting: RHB Showander Descarte 0-0: Ground out 5-3 (Groundball, 56)
Batting: SHB Orlando Miranda 0-0: SINGLE (Groundball, 56) (infield hit)
Batting: RHB António Jiménez 0-0: SINGLE (Flyball, 89S)
Orlando Miranda to second
Runner from 2nd tries for 3rd, SAFE, no throw
Batting: LHB Ramón Gómez 0-0: Foul Ball, location: 2F
0-1: Foul Ball, location: 2F
0-2: Strikes out looking
Batting: RHB Rodrigo Velasco 0-0: Foul Ball, location: 2F
0-1: Called Strike
0-2: Ball
1-2: Ball
2-2: Foul Ball, location: 2F
2-2: Ball
3-2: Foul Ball, location: 2F
3-2: Foul Ball, location: 2F
3-2: Fly out, F5 (Line Drive, 5L)
Bottom of the 9th over - 0 run(s), 2 hit(s), 0 error(s), 2 left on base; Ottawa 18 - Lancaster 5
Friday, December 30th, 2016 - OOTP Baseball 17.12 Build 75